 Dungeon Crawl Stone Soup version 0.28-a0-247-gb8bfbab023 (webtiles) character file.

Game seed: 17524711088392830366

103 rogsnak the Magician (level 5, -16/35 HPs)
             Began as a Djinni Fire Elementalist on Aug 26, 2021.
             Demolished by Sigmund (19 damage)
             ... on level 2 of the Dungeon.
             The game lasted 00:06:46 (3486 turns).

rogsnak the Magician (Djinni Fire Elementalist)     Turns: 3486, Time: 00:06:46

Health: -16/35     AC:  2    Str:  7    XL:     5   Next: 6%
Gold:   109        EV: 12    Int: 17    God:
                   SH:  0    Dex: 14

rFire   + + .      SeeInvis .   c - +0 short sword
rCold   x . .      Faith    .   (no shield)
rNeg    . . .      Spirit   .   a - +0 robe
rPois   ∞          Reflect  .   (no helmet)
rElec   .          Harm     .   (no cloak)
rCorr   .          Rampage  .   (no gloves)
Will    .....                   (boots unavailable)
Stlth   ++........              (no amulet)
HPRegen 0.11/turn               (no ring)
MPRegen 0.00/turn               (no ring)

@: flying
A: sickness immunity, fire resistance 2, cold vulnerability 1, float, innate
caster, hp casting, extra vitality 1
a: no special abilities


You were on level 2 of the Dungeon.
You visited 1 branch of the dungeon, and saw 2 of its levels.

You collected 109 gold pieces.

Inventory:

Hand Weapons
 c - a +0 short sword (weapon)
Missiles
 b - 28 poisoned darts
 d - 105 stones
Armour
 a - a +0 robe (worn)
Scrolls
 e - a scroll of teleportation {unknown}
 f - a scroll of fear {unknown}
 g - 2 scrolls of identify {unknown}
 h - a scroll of vulnerability {unknown}
 i - a scroll of noise {unknown}
 j - a scroll of summoning {unknown}
 k - a scroll of amnesia {unknown}
 l - a scroll of magic mapping {unknown}


   Skills:
 + Level 0.1 Fighting
 + Level 2.5 Dodging
 - Level 1.6 Stealth
 + Level 4.0 Spellcasting


You couldn't memorise any spells.
You knew the following spells:

 Your Spells              Type           Power      Damage    Failure   Level
a - Foxfire               Conj/Fire      68%        2x1d7     3%          1
b - Conjure Flame         Conj/Fire      17%        6-21      9%          3
c - Inner Flame           Hex/Fire       17%        N/A       9%          3
d - Sticky Flame          Conj/Fire      17%        2d4       30%         4
e - Fireball              Conj/Fire      8%         3d6       63%         5
f - Animate Skeleton      Necr           34%        N/A       3%          1
g - Wereblood             Tmut           17%        N/A       4%          2
Your spell library was empty.

Dungeon Overview and Level Annotations

Branches:
Dungeon (2/15)

Altars:

Annotations:
D:2 Sigmund


Innate Abilities, Weirdness & Mutations

You are immune to sickness and miasma.
You are immune to poison.
Your flesh is very heat resistant. (rF++)
You are vulnerable to cold. (rC-)
You float through the air rather than walking.
You learn spells naturally, not from books.
Your magical power is your life essence.
You have superior vitality. (+4 HP)


Message History

The sticky flame hits something.
Sigmund is covered in liquid flames!
Sigmund burns!
Sigmund hits you with a +0 scythe.
Unknown command.
You barely miss Sigmund.
Sigmund is moderately wounded.
Sigmund burns!
Unknown command.
You hit Sigmund.
Sigmund is moderately wounded.
Sigmund burns!
Sigmund casts a spell at you. The magic dart hits you!
Unknown command.
You hit Sigmund.
Sigmund is severely wounded.
Sigmund burns!
Sigmund drinks a potion.
Sigmund seems to grow stronger.
Unknown command.
You hit Sigmund.
Sigmund is severely wounded.
Sigmund burns!
Sigmund barely misses you.
Unknown command.
You hit Sigmund but do no damage.
Sigmund is severely wounded.
Sigmund burns!
Something hits you!!
Ouch! That really hurt!
* * * LOW HITPOINT WARNING * * *
Unknown command.
Unknown command.
Casting: Sticky Flame (extremely dangerous; 30% risk of failure)
Confirm with . or Enter, or press ? or * to list all spells.
You don't have enough health to cast this spell.
Unknown command.
You hear some strange, mumbled words.
A puff of flame appears from out of thin air!
The puff of flame hits you. You resist.
* * * LOW HITPOINT WARNING * * *
There is a stone staircase leading up here.
Something hits you!!
Ouch! That really hurt!
You die...

..#### ##..≈≈≈....{...# ...
.....#
#........#.###.#######)##
.....# #..#.#.#.#.#
#.....{...## .....#
#..#.#.#.#.# #########...
.....# #..#.#.#.#.#######
..# .....#
................... #####
.....#
.#..#.#.#{#.##########.'..
.....##.#..#.#.#.#.#
###...##. .....#
#..#.#.#@#.## ###...#..#.
.....# #..#
#.#.#..###...####B## .....#
#..# #.#.#......###..#..#
.....## #.<#
..#.#.###.##....##.#
...####.##.#####.#.#
#..#..#..#.. ...#
##≈..≈.≈≈≈#.#.# ##.##....##.
...# #.≈.≈≈≈..##.#.#
#..#..#'#.. ...#
#...≈♣≈.≈##.#.#####.####...#
...#
#.........#.#.....#..#...###


There were no monsters in sight!

Vanquished Creatures
  An orc priest (D:2)
  2 adders (D:2)
  3 worms (D:2)
  5 orcs (D:2)
  3 ball pythons
  7 bats
  4 endoplasms
  2 giant cockroaches
  6 goblins
  3 jackals (D:1)
  4 kobolds
  3 quokkas
  2 frilled lizards (D:1)
  3 rats (D:1)
48 creatures vanquished.

Vanquished Creatures (others)
  171 foxfires
171 creatures vanquished.

Grand Total: 219 creatures vanquished

Notes
Turn   | Place    | Note
-------+----------+-------------------------------------------
     0 | D:1      | rogsnak the Djinni Fire Elementalist began the quest for
                  | the Orb.
     0 | D:1      | Reached XP level 1. HP: 15/15 MP: 0/0
   240 | D:1      | Reached XP level 2. HP: 15/21 MP: 0/0
   757 | D:1      | Reached skill level 3 in Spellcasting
   891 | D:1      | Reached XP level 3. HP: 22/25 MP: 0/0
   891 | D:1      | Learned a level 1 spell: Animate Skeleton
  1892 | D:2      | Reached XP level 4. HP: 18/31 MP: 0/0
  2514 | D:2      | Noticed Sigmund
  3035 | D:2      | Reached skill level 4 in Spellcasting
  3035 | D:2      | Reached XP level 5. HP: 30/35 MP: 0/0
  3035 | D:2      | Learned a level 2 spell: Wereblood
  3285 | D:2      | Found a faded altar of an unknown god.
  3486 | D:2      | Demolished by Sigmund

Illustrated notes

Levels and vault maps discovered:
D:1:      minmay_arrival_five_plusses, layout_basic
D:2:      minmay_skewed_foursquare, layout_basic,
          hellmonk_ecumenical_altar_pennies_from_heaven,
          minmay_misc_feat_enclosed, chequers_serial_rivers_marsh,
          minmay_ruptured, uniq_sigmund

Skill      XL: |  1  2  3  4 |
---------------+-------------+-----
Spellcasting   | 3 4 |  4.0
Fighting       | |  0.1
Dodging        | |  2.5
Stealth        | |  1.6

Action                   |  1- 3 |  4- 6 || total
-------------------------+-------+-------++-------
Melee: Unarmed           |     2 |       ||     2
       Short sword       |     5 |    17 ||    22
 Cast: Foxfire           |    62 |    50 ||   112
       Animate Skeleton  |     7 |     5 ||    12
       Sticky Flame      |       |     1 ||     1
       Wereblood         |       |     1 ||     1
Armor: Robe              |     3 |       ||     3
Dodge: Dodged            |     9 |    14 ||    23

Table legend: (Time is in decaauts)
 A = Elapsed time spent in this place.
 B = Non-inter-level travel time spent in this place.
 C = Inter-level travel time spent in this place.
 D = Time resting spent in this place.
 E = Time spent auto-exploring this place.
 F = Levels seen in this place.
 G = Mean time per level.
                   A        B        C        D        E       F      G
               +--------+--------+--------+--------+--------+-----+--------+
         Total |   3493 |   3455 |     38 |    618 |   2266 |   2 | 1746.5 |
       Dungeon |   3493 |   3455 |     38 |    618 |   2266 |   2 | 1746.5 |
               +--------+--------+--------+--------+--------+-----+--------+

Top non-repeatable levels by time:
     D:1: 1829 daAuts
     D:2: 1663 daAuts
